 Dungeon Crawl Stone Soup version 0.30.0-15-g856e2d3f33 (webtiles) character file.

Game seed: 3620859714517667770

7536 freelancePsychic the Carver (level 10, -1/83 HPs)
             Began as a Demonspawn Wanderer on May 18, 2023.
             Was an Elder of Okawaru.
             Succumbed to a redback's poison
             ... on level 9 of the Dungeon.
             The game lasted 00:14:19 (8717 turns).

freelancePsychic the Carver (Demonspawn Wanderer)   Turns: 8717, Time: 00:14:19

Health: -1/83      AC:  9    Str: 11    XL:     10   Next: 96%
Magic:  4/14       EV: 21    Int: 11    God:    Okawaru [****..]
Gold:   272        SH:  0    Dex: 21    Spells: 14/15 levels left

rFire   + . .        a - +0 great sword
rCold   + . .        (shield currently unavailable)
rNeg    . . .        F - +1 steam dragon scales
rPois   .            (helmet restricted)
rElec   .            p - scarf {rC+ rF+}
rCorr   .            w - +0 pair of gloves
SInv    .            l - +0 pair of boots
Will    .....        g - amulet of guardian spirit
Stlth   +            u - +5 ring of evasion
HPRegen 0.33/turn    (no ring)
MPRegen 0.14/turn

%: guardian spirit
@: confused, agile, lethally poisoned (-1 -> -24)
A: antennae 2, foul stench 1, powered by pain 2, sharp scales 1
a: Renounce Religion, Heroism, Finesse


You were on level 9 of the Dungeon.
You worshipped Okawaru.
Okawaru was greatly pleased with you.
You visited 2 branches of the dungeon, and saw 10 of its levels.

You collected 410 gold pieces.
You spent 138 gold pieces at shops.

Inventory:

Hand Weapons
 a - a +0 great sword (weapon)
 b - a +2 heavy sling
 z - a +2 quarterstaff of freezing
Armour
 h - a +0 leather armour
 k - a +0 kite shield
 l - a +0 pair of boots (worn)
 p - a scarf of resistance (worn)
 s - a +2 cloak
 w - a +0 pair of gloves (worn)
 F - +1 steam dragon scales (worn)
Jewellery
 g - an amulet of guardian spirit (around neck)
 u - a +5 ring of evasion (left hand)
Wands
 y - a wand of flame (25)
 E - a wand of polymorph (7)
Scrolls
 c - 3 scrolls of vulnerability
 d - 4 scrolls of fog
 f - a scroll of amnesia
 i - 2 scrolls of fear
 q - 3 scrolls of enchant weapon
 t - 4 scrolls of immolation
 v - 4 scrolls of identify {@r1}
 A - 2 scrolls of magic mapping
 C - 4 scrolls of teleportation {@r4}
 G - a scroll of noise
Potions
 j - 3 potions of attraction
 m - a potion of resistance
 n - 3 potions of brilliance
 o - a potion of haste {@q3}
 r - a potion of flight
 B - a potion of degeneration {unknown}
 D - a potion of invisibility {unknown}
 H - 2 potions of magic {unknown}


   Skills:
 + Level 9.2 Fighting
 * Level 11.2 Long Blades
 - Level 3.0 Staves
 - Level 3.0 Ranged Weapons
 - Level 1.0 Armour
 - Level 3.9 Stealth
 - Level 3.0 Spellcasting
 - Level 6.2 Invocations


You had 14 spell levels left.
You knew the following spells:

 Your Spells              Type           Power      Damage    Failure   Level
a - Slow                  Hex            4%         N/A       26%         1

Your spell library contained the following spells:

 Spells                   Type           Power      Damage    Failure   Level
 Sandblast                Erth           2%         2d4       26%         1
 Shock                    Conj/Air       4%         1d3       26%         1
 Passwall                 Tmut/Erth      0%         N/A       36%         2
 Ignite Poison            Fire/Tmut/Pois 1%         N/A       61%         3
 Portal Projectile        Hex/Tloc       2%         N/A       61%         3
 Stone Arrow              Conj/Erth      2%         3d7       61%         3
 Swiftness                Air            1%         N/A       61%         3
 Airstrike                Air            0%         2d(1-17)  95%         4
 Leda's Liquefaction      Hex/Erth       0%         N/A       95%         4
 Sticky Flame             Conj/Fire      1%         2d3       95%         4
 Ignition                 Fire           0%         3d3       100%        8
 Summon Small Mammal      Summ           Unusable   N/A       N/A         1
 Call Canine Familiar     Summ           Unusable   N/A       N/A         3
 Summon Guardian Golem    Hex/Summ       Unusable   N/A       N/A         3

Dungeon Overview and Level Annotations

Branches:
Dungeon (9/15)             Temple (1/1) D:4
   Lair: D:8-11         Orc: D:9-12

Altars:
Ashenzari
Cheibriados
Dithmenos
Fedhas
Gozag
Hepliaklqana
Kikubaaqudgha
Nemelex Xobeh
Okawaru
Qazlal
Ru
Sif Muna
Trog
Uskayaw
Vehumet
Wu Jian
Xom

Shops:
D:4 :[[![(

Annotations:
D:2 Sigmund


Innate Abilities, Weirdness & Mutations

You have a pair of antennae on your head.
You may rarely emit foul miasma when damaged in melee.
You sometimes gain power by taking damage.
You are partially covered in razor-sharp scales. (AC +1, Slay +1)


Message History

The broodmother summons spiders!
The redback misses you.
The jumping spider leaps!
The redback attacks as you move away! The redback barely misses you.
The redback attacks as you move away! The redback closely misses you.
The redback barely misses you.
The broodmother summons spiders!
The tarantella attacks as you move away!
The tarantella completely misses you. The redback attacks as you move away!
The redback completely misses you.
The orb spider disappears in a puff of smoke!
The redback bites you!
The tarantella attacks as you move away!
The tarantella touches you!
You are confused.
The redback attacks as you move away! The redback completely misses you.
The jumping spider leaps!
You hit the redback.
The redback is moderately wounded.
The redback closely misses you. The jumping spider misses you.
The jumping spider closely misses you. The tarantella misses you.
The redback bites you but does no damage.
Okay, then.
You closely miss the tarantella. The tarantella misses you.
The redback bites you!
* * * LOW HITPOINT WARNING * * *
You are lethally poisoned!
The redback poisons you! The jumping spider pounces on you!
* * * LOW HITPOINT WARNING * * *
The jumping spider bites you but does no damage.
The tarantella misses you. The redback barely misses you.
You bump into the rock wall.
* * * LOW HITPOINT WARNING * * *
You feel extremely sick. The jumping spider misses you.
The jumping spider barely misses you. The tarantella misses you.
The jumping spider completely misses you.
The jumping spider bites you.
* * * LOW HITPOINT WARNING * * *
You miss the jumping spider.
You die...

#######..# ♣...#
##...♣### #..#
#...#♣....###....♣ #.°#
#...#♣..#.....#..♣ #..#
#...#♣...........♣ #s.#
#...#♣...........♣ #s.#
#...#♣♣♣♣♣♣.♣♣♣♣♣♣
#######..####...#######'#
...............ss.....#.#
..............ss@.......#
......########ss####..###
......# #..# #..# ......#
#..# #..# ......# #..#
#..# ......# #..# #..#
......# #..# #..# ......#
#..# #..#
......########..####..#


You could see a broodmother, a wolf spider (summoned), a jumping spider
(summoned), a tarantella (summoned) and 2 redbacks.

Vanquished Creatures
  A centaur warrior (D:9)
  A two-headed ogre (D:9)
  A cyclops (D:9)
  An unseen horror (D:7)
  Maggie (D:7)
  A tengu conjurer (D:9)
  2 trolls (D:9)
  A hornet (D:9)
  Prince Ribbit (D:7)
  7 yaks
  2 steam dragons
  An acid dragon (D:9)
  A water moccasin (D:9)
  Duvessa (D:7)
  A black bear (D:8)
  2 ice beasts
  An orc warrior (D:7)
  3 centaurs
  An ogre (D:4)
  A phantom (D:4)
  A kobold brigand (D:9)
  4 bullfrogs
  A gnoll sergeant (D:8)
  4 scorpions
  8 wights
  Dowan (D:7)
  3 howler monkeys
  5 hounds
  An orc priest (D:5)
  A gnoll bouda (D:7)
  2 sleepcaps
  Ijyb (D:5)
  3 iguanas
  8 orc wizards
  12 gnolls
  6 adders
  A shadow imp (D:7)
  3 white imps
  3 ufetubi (D:5)
  3 worms
  A dart slug (D:2)
  28 orcs
  6 bats
  4 endoplasms
  A giant cockroach (D:4)
  4 goblins
  7 hobgoblins
  3 quokkas
  13 ball pythons
  2 frilled lizards
  6 kobolds
  4 rats
181 creatures vanquished.

Vanquished Creatures (others)
  2 orc wizards
2 creatures vanquished.

Grand Total: 183 creatures vanquished

Notes
Turn   | Place    | Note
-------+----------+-------------------------------------------
     0 | D:1      | freelancePsychic the Demonspawn Wanderer began the quest
                  | for the Orb.
     0 | D:1      | freelancePsychic set off with the following items: a +2
                  | quarterstaff, a +0 pair of boots, a scroll of
                  | vulnerability, a +0 robe; and the following spell
                  | memorised: Slow; and the following spells available to
                  | memorise: Portal Projectile.
     0 | D:1      | Reached XP level 1. HP: 15/15 MP: 4/4
   472 | D:1      | Gained mutation: You sometimes gain a little power by
                  | taking damage. [demonic ancestry]
   472 | D:1      | Reached XP level 2. HP: 21/21 MP: 6/6
   814 | D:2      | Noticed Sigmund
  1218 | D:2      | Gained mutation: You sometimes gain power by taking damage.
                  | [demonic ancestry]
  1218 | D:2      | Reached XP level 3. HP: 14/27 MP: 5/7
  1601 | D:3      | Reached skill level 1 in Long Blades
  1702 | D:3      | Found a hazy altar of Hepliaklqana.
  2196 | D:3      | Gained mutation: You have a pair of small antennae on your
                  | head. [demonic ancestry]
  2196 | D:3      | Reached XP level 4. HP: 33/33 MP: 8/8
  2470 | D:4      | Reached skill level 1 in Ranged Weapons
  2625 | D:4      | Noticed a bullfrog
  2628 | D:4      | Killed a bullfrog
  2629 | D:4      | Reached XP level 5. HP: 39/39 MP: 9/9
  2694 | D:4      | Noticed a phantom
  2698 | D:4      | Killed a phantom
  2723 | D:4      | Found Fyzet's Armour Boutique.
  2723 | D:4      | Found Beejy's Antique Weapon Emporium.
  2724 | D:4      | Noticed an ogre
  2742 | D:4      | Found Suloel's Armour Shop.
  2742 | D:4      | Found Ceskal's Antique Armour Shoppe.
  2744 | D:4      | Found Nifeyr's Book Boutique.
  2744 | D:4      | Found Venof's Distillery.
  2745 | D:4      | Killed an ogre
  2746 | D:4      | Reached XP level 6. HP: 47/47 MP: 10/10
  2749 | D:4      | Bought a +0 pair of gloves for 58 gold pieces
  2777 | D:4      | Bought a potion of curing for 30 gold pieces
  2777 | D:4      | Bought a potion of heal wounds for 50 gold pieces
  3002 | D:4      | Found a staircase to the Ecumenical Temple.
  3173 | Temple   | Entered the Ecumenical Temple
  3264 | Temple   | Became a worshipper of Warmaster Okawaru
  3472 | D:5      | Entered Level 5 of the Dungeon
  3472 | D:5      | Found a snail-covered altar of Cheibriados.
  3477 | D:5      | Reached skill level 2 in Long Blades
  3661 | D:5      | Reached skill level 1 in Invocations
  3661 | D:5      | Gained mutation: You have a pair of antennae on your head.
                  | [demonic ancestry]
  3661 | D:5      | Reached XP level 7. HP: 40/53 MP: 6/11
  3850 | D:5      | Reached * piety under Okawaru
  3851 | D:5      | Reached skill level 3 in Long Blades
  4021 | D:5      | Noticed Ijyb
  4039 | D:5      | Killed Ijyb
  4707 | D:6      | Reached skill level 4 in Long Blades
  4794 | D:6      | Gained mutation: You are partially covered in razor-sharp
                  | scales. (AC +1, Slay +1) [demonic ancestry]
  4794 | D:6      | Reached XP level 8. HP: 29/61 MP: 3/12
  5215 | D:6      | Reached ** piety under Okawaru
  5216 | D:6      | Reached skill level 5 in Long Blades
  5667 | D:6      | Reached skill level 5 in Fighting
  5997 | D:7      | Reached skill level 5 in Invocations
  6009 | D:7      | Reached skill level 6 in Long Blades
  6362 | D:7      | Noticed Maggie
  6364 | D:7      | Noticed Prince Ribbit
  6374 | D:7      | Killed Maggie
  6375 | D:7      | Gained mutation: You may rarely emit foul miasma when
                  | damaged in melee. [demonic ancestry]
  6375 | D:7      | Reached XP level 9. HP: 36/69 MP: 6/13
  6375 | D:7      | Killed Prince Ribbit
  6561 | D:7      | Reached *** piety under Okawaru
  6622 | D:7      | Noticed Dowan
  6623 | D:7      | Noticed Duvessa
  6642 | D:7      | Killed Duvessa
  6643 | D:7      | Reached skill level 7 in Long Blades
  6847 | D:7      | Killed an unseen horror
  6964 | D:7      | Killed Dowan
  7031 | D:7      | Reached skill level 8 in Long Blades
  7327 | D:7      | Found a blossoming altar of Fedhas.
  7471 | D:8      | Reached **** piety under Okawaru
  7474 | D:8      | Reached skill level 9 in Long Blades
  7474 | D:8      | Reached XP level 10. HP: 33/79 MP: 5/14
  7862 | D:8      | Found a sparkling altar of Nemelex Xobeh.
  8251 | D:9      | Noticed a two-headed ogre
  8262 | D:9      | Killed a two-headed ogre
  8270 | D:9      | Reached skill level 10 in Long Blades
  8285 | D:9      | Noticed a centaur warrior
  8298 | D:9      | Killed a centaur warrior
  8299 | D:9      | Noticed a boulder beetle
  8299 | D:9      | Noticed a cyclops
  8315 | D:9      | Reached ***** piety under Okawaru
  8317 | D:9      | Killed a cyclops
  8317 | D:9      | Received a gift from Okawaru
  8318 | D:9      | Reached skill level 11 in Long Blades
  8694 | D:9      | a boulder beetle changed into a broodmother
  8694 | D:9      | Noticed a broodmother
  8695 | D:9      | Noticed an orb spider
  8696 | D:9      | Found a radiant altar of Vehumet.
  8710 | D:9      | Noticed a wolf spider
  8716 | D:9      | HP: 4/83 [jumping spider[a broodmother] (1)]
  8717 | D:9      | Succumbed to a redback's poison

Illustrated notes

Levels and vault maps discovered:
D:1:      shiori_shiawase, layout_basic
D:2:      layout_loops_ring, uniq_crazy_yiuf_cottage, uniq_sigmund
D:3:      layout_basic, worldfamousw_hep_ancestral_shrine,
          guppyfry_early_orc_mine
D:4:      layout_cave_pods, minmay_temple_entry_enclosed_plants,
          nicolae_wooded_promenade
D:5:      layout_loops_ring, slow_altar_1, uniq_ijyb
D:6:      layout_cave_pods
D:7:      layout_rooms, mainiacjoe_overflow_alcove_4, minmay_microvault,
          uniq_duvessa, uniq_maggie, uniq_prince_ribbit1
D:8:      layout_gridville, general_overflow_altar,
          lemuel_coloured_pillars_altar
D:9:      minmay_the_grid_3x2 [minmay_the_grid_spikes, minmay_the_grid_empty,
          minmay_the_grid_plusring, minmay_the_grid_armoury,
          minmay_the_grid_gridbox, minmay_the_grid_prize_big_room],
          layout_small_grid, lemuel_crystal_altar, kennysheep_cross_bottleneck,
          kennysheep_path_1
Temple:   zaba_magenta_temple

Skill      XL: |  1  2  3  4  5  6  7  8  9 10 |
---------------+-------------------------------+-----
Staves         | 3 |  3.0
Stealth        | 2 3 |  3.9
Long Blades    | 1 2 4 6 9 11 | 11.2
Fighting       | 2 3 4 5 7 9 |  9.2
Ranged Weapons | 1 3 |  3.0
Invocations    | 1 3 5 6 |  6.2
Armour         | |  1.0
Spellcasting   | |  3.0

Action                     |  1- 3 |  4- 6 |  7- 9 | 10-12 || total
---------------------------+-------+-------+-------+-------++-------
  Melee: Quarterstaff      |    93 |     1 |   150 |       ||   244
         Unarmed           |       |       |     7 |       ||     7
         Great sword       |       |       |    44 |   121 ||   165
   Fire: Sling             |       |    97 |    96 |       ||   193
 Invoke: Heroism           |       |       |     4 |     4 ||     8
         Finesse           |       |       |       |     1 ||     1
  Evoke: Wand              |       |       |       |     3 ||     3
    Use: Scroll            |     7 |       |    11 |     2 ||    20
         Potion            |       |       |     4 |     3 ||     7
   Stab: Sleeping          |     8 |       |       |     1 ||     9
 Armour: Robe              |    10 |       |       |       ||    10
         Leather armour    |    27 |    16 |    74 |       ||   117
         Steam dragon scal |       |       |    17 |    36 ||    53
  Dodge: Dodged            |    55 |    47 |   290 |   122 ||   514
